 Dungeon Crawl Stone Soup version 0.29.0-4-gdea44cf6ec (webtiles) character file.

Game seed: 9893359048215307850

15 qw the Chopper (level 2, 0/24 HPs)
             Began as a Barachi Chaos Knight on Sept 6, 2022.
             Slain by a shadow imp (2 damage)
             ... summoned by Xom
             ... on level 1 of the Dungeon.
             The game lasted 00:00:11 (269 turns).

qw the Chopper (Barachi Chaos Knight)                Turns: 269, Time: 00:00:12

Health: 0/24       AC:  5    Str: 13    XL:     2   Next: 50%
Magic:  2/2        EV: 11    Int: 12    God:
Gold:   20         SH:  0    Dex: 11    Spells: 1/1 levels left

rFire   . . .      SeeInvis .   a - +0 hand axe (chaos)
rCold   . . .      Faith    .   (no shield)
rNeg    . . .      Spirit   .   b - +2 leather armour
rPois   .          Reflect  .   (no helmet)
rElec   .          Harm     .   (no cloak)
rCorr   .          Rampage  .   (no gloves)
Will    .....                   (no boots)
Stlth   +.........              (no amulet)
HPRegen 0.08/turn               (no ring)
MPRegen 0.08/turn               (no ring)

@: slow
A: amphibious, slowness 1, strong legs 1, +LOS
a: Hop


You were on level 1 of the Dungeon.
You visited 1 branch of the dungeon, and saw 1 of its levels.

You collected 20 gold pieces.


Innate Abilities, Weirdness & Mutations

You are amphibious.
You cover ground slowly.
You can hop short distances.
You have an extended range of vision and can be seen from far away.


   Skills:
 - Level 3.6 Fighting
 + Level 4.2 Axes
 - Level 2.4 Armour
 - Level 1.1 Dodging


You had one spell level left.
You didn't know any spells.
Your spell library was empty.

Inventory:

Hand Weapons
 a - a +0 hand axe of chaos (weapon)
Armour
 b - a +2 leather armour (worn)
 e - a +0 chain mail
Scrolls
 d - a scroll of fear {unknown}
 g - a scroll of magic mapping {unknown}
Potions
 f - a potion of resistance {unknown}
Miscellaneous
 c - a piece from Xom's chessboard (15/15)

Dungeon Overview and Level Annotations

Branches:
Dungeon (1/15)

Altars:


Message History

You hit the iron imp.
The iron imp is moving more slowly.
The iron imp is lightly wounded.
You hit the iron imp but do no damage.
The iron imp is lightly wounded.
The iron imp hits you!
You hit the iron imp. You freeze the iron imp.
The iron imp is moderately wounded.
You closely miss the shadow imp. The iron imp misses you.
The shadow imp misses you.
You hit the iron imp but do no damage.
The iron imp is moderately wounded.
You hit the shadow imp but do no damage.
The iron imp hits you. The shadow imp hits you.
You hit the iron imp.
The iron imp is heavily wounded.
You hit the shadow imp but do no damage.
The shadow imp gestures at you.
You barely resist.
The iron imp summons a swarm of flies.
The iron imp hits you but does no damage.
You hit the iron imp but do no damage.
The iron imp is heavily wounded.
You closely miss the shadow imp.
The iron imp stops moving altogether!
The shadow imp hits you but does no damage.
The helpless iron imp fails to defend itself.
You hit the iron imp.
The iron imp is heavily wounded.
You hit the shadow imp but do no damage.
The shadow imp seems to slow down.
The shadow imp gestures at you. Pain shoots through your body!
Ouch! That really hurt!
The helpless iron imp fails to defend itself.
You hit the iron imp but do no damage.
The iron imp is heavily wounded.
You hit the shadow imp. The shadow imp hits you.
You die... "It's all fun and games until someone loses an eye."

.........#.........[.#
##.
####.###.####...#.##.##
#.. # #.#
##.##..#..###.# #.#
#..##.#.....:. #.#
#...#......... #.#
#.#........... ##.##
##....%........
#...###.......%......
#..5@5...#.......)...
#...##...#.....>%....
#......###...........
#....### #..........#
#....# #..........#
#....# ##.........#
####.# #........... .#
#........(.. ##
#..........#


You could see an iron imp (summoned, petrified) and a shadow imp (summoned,
slow).

Vanquished Creatures
  A dart slug (D:1)
  An endoplasm (D:1)
  2 goblins (D:1)
  A hobgoblin (D:1)
  2 jackals (D:1)
  A ball python (D:1)
  2 bats (D:1)
  A frilled lizard (D:1)
  A kobold (D:1)
  A rat (D:1)
13 creatures vanquished.

Notes
Turn   | Place    | Note
-------+----------+-------------------------------------------
     0 | D:1      | qw the Barachi Chaos Knight began the quest for the Orb.
     0 | D:1      | Reached XP level 1. HP: 18/18 MP: 1/1
     0 | D:1      | 0 ||| qw: Version: 0.1-a-108-g9e35731
     0 | D:1      | 0 ||| qw: Game counter: 6296
     0 | D:1      | 0 ||| qw: Always use a shield: true
     0 | D:1      | 0 ||| qw: God list: Okawaru
     0 | D:1      | 0 ||| qw: Allow faded altars: false
     0 | D:1      | 0 ||| qw: Do Orc after D:15 true
     0 | D:1      | 0 ||| qw: Do second Lair branch before Depths: true
     0 | D:1      | 0 ||| qw: Lair rune preference: random
     0 | D:1      | 0 ||| qw: Plans: Normal
     0 | D:1      | 0 ||| PLANNING D:1-11
     0 | D:1      | Fell from the grace of Xom
    93 | D:1      | Reached XP level 2. HP: 24/24 MP: 2/2
   117 | D:1      | 117 ||| Stepping ~*~*~tactically~*~*~ (stealth).
   118 | D:1      | 118 ||| Stepping ~*~*~tactically~*~*~ (stealth).
   121 | D:1      | Reached skill level 4 in Axes
   146 | D:1      | 146 ||| Stepping ~*~*~tactically~*~*~ (stealth).
   148 | D:1      | 148 ||| Stepping ~*~*~tactically~*~*~ (stealth).
   155 | D:1      | 155 ||| Stepping ~*~*~tactically~*~*~ (stealth).
   173 | D:1      | 173 ||| Stepping ~*~*~tactically~*~*~ (stealth).
   195 | D:1      | 195 ||| Stepping ~*~*~tactically~*~*~ (stealth).
   226 | D:1      | 226 ||| Stepping ~*~*~tactically~*~*~ (stealth).
   260 | D:1      | XOM: summons 2 hostile demons
   268 | D:1      | HP: 2/24 [shadow imp/nerve-wracking pain[Xom] (12)]
   269 | D:1      | Slain by a shadow imp

Levels and vault maps discovered:
D:1:      wheals_arrival_linesprint, layout_rooms, ebering_ecumenical_altar_webs

Skill      XL: |  1  2 |
---------------+-------+-----
Axes           | 4 |  4.2
Fighting       | |  3.6
Armour         | |  2.4
Dodging        | |  1.1

Action                   || total
-------------------------++-------
Melee: Hand axe          ||    27
Invok: Renounce Religion ||     1
 Stab: Petrified         ||     2
Armor: Leather armour    ||     6
Dodge: Dodged            ||    15

Table legend:
 A = Non-vault XP
 B = Vault XP
 C = Vault XP percentage of total XP
 D = Non-vault monster count
 E = Vault monster count
 F = Vault count percentage of total count
                 A         B        C        D         E       F
            +---------+---------+-------+---------+---------+-------
      Total |      22 |       0 |   0.0 |      13 |       0 |   0.0
            +---------+---------+-------+---------+---------+-------
        D:1 |      22 |       0 |   0.0 |      13 |       0 |   0.0
            +---------+---------+-------+---------+---------+-------
